 Dungeon Crawl Stone Soup version 0.29-a0-360-g8ed1089bbe (webtiles) character file.

Game seed: 8886511868243904248

273193 HendSelp the Tengu Blade (level 20, -8/146 HPs)
             Began as a Tengu Monk on Apr 27, 2022.
             Was the Champion of Wu Jian.
             Mangled by an ironbound frostheart (20 damage)
             ... while paralysed by a great orb of eyes
             ... on level 2 of the Vaults on Apr 28, 2022.
             The game lasted 01:05:19 (43968 turns).

HendSelp the Tengu Blade (Tengu Monk)              Turns: 43968, Time: 01:05:20

Health: -8/146     AC: 11    Str: 16    XL:     20   Next: 28%
Magic:  1/21       EV:  2    Int: 11    God:    Wu Jian [******]
Gold:   3650       SH:  0    Dex: 30    Spells: 19/19 levels left

rFire   . . .      SeeInvis .   S - +5 triple sword of Fitox {flame, Fly rElec}
rCold   . . .      Faith    .   (shield currently unavailable)
rNeg    . . .      Spirit   .   U - +4 robe of Augmentation {Str+4 Int+4 Dex+4}
rPois   .          Reflect  +   K - +1 hat
rElec   +          Harm     .   O - scarf {repulsion}
rCorr   .          Rampage  .   g - +3 Mad Mage's Maulers {Infuse+∞ RegenMP Int-3}
Will    +....                   (boots unavailable)
Stlth   +++.......              W - amulet of reflection
HPRegen 0.34/turn               e - +4 ring of evasion
MPRegen 0.57/turn               p - +4 ring of evasion

@: paralysed, frozen, flying quickly and evasively, repel missiles, slow
A: beak, talons 3, nimble flight
}: 2/15 runes: barnacled, gossamer
a: Renounce Religion, Wall Jump, Serpent's Lash, Heavenly Storm


You were on level 2 of the Vaults.
You worshipped Wu Jian.
Wu Jian was exalted by your worship.
You visited 7 branches of the dungeon, and saw 34 of its levels.
You also visited: Ice Cave.

You collected 4655 gold pieces.
You spent 1005 gold pieces at shops.

Inventory:

Hand Weapons
 y - a +0 rapier of protection
 E - a +4 vorpal great sword
 S - the +5 triple sword of Fitox (weapon) {flame, Fly rElec}
   (You bought it in a shop on level 3 of the Shoals)

   It burns those it strikes, dealing additional fire damage.
   Big, fiery blades are also staple armaments of hydra-hunters.
   rElec:     It insulates you from electricity.
   Fly:       It grants you flight.
Missiles
 B - 4 throwing nets (quivered)
Armour
 g - the +3 Mad Mage's Maulers (worn) {Infuse+∞ RegenMP Int-3}
   (You acquired it on level 1 of the Dungeon)

   It empowers its wearer's blows with all of their magic.
   It causes its wearer's magical reserves to regenerate more quickly.
   Int:       It affects your intelligence (-3).
 t - a +2 cloak of poison resistance
 w - +5 steam dragon scales
 K - a +1 hat (worn)
 O - a scarf of repulsion (worn)
 U - the +4 robe of Augmentation (worn) {Str+4 Int+4 Dex+4}
   (You found it on level 3 of the Shoals)

   Str:       It affects your strength (+4).
   Int:       It affects your intelligence (+4).
   Dex:       It affects your dexterity (+4).
Jewellery
 e - a +4 ring of evasion (left hand)
 l - a ring of protection from cold
 p - a +4 ring of evasion (right hand)
 D - a ring of see invisible
 I - an amulet of regeneration
 T - a +4 ring of protection
 W - an amulet of reflection (around neck)
Wands
 b - a wand of digging (4)
 q - a wand of acid (4)
 v - a wand of polymorph (11)
 x - a wand of iceblast (27)
 A - a wand of flame (13)
 C - a wand of mindburst (5)
 F - a wand of paralysis (16)
 L - a wand of charming (3)
Scrolls
 a - 5 scrolls of fear
 h - 2 scrolls of brand weapon
 i - 4 scrolls of fog
 j - 13 scrolls of teleportation
 m - 7 scrolls of magic mapping
 n - 5 scrolls of amnesia
 s - 19 scrolls of identify
 G - 3 scrolls of holy word
 R - 2 scrolls of enchant weapon
 V - a scroll of blinking
Potions
 c - 4 potions of ambrosia
 d - 7 potions of magic
 f - 13 potions of curing
 k - 4 potions of brilliance
 o - 2 potions of lignification
 r - 5 potions of attraction
 z - 2 potions of cancellation
 J - a potion of invisibility {unknown}
 M - 2 potions of mutation
 N - 2 potions of resistance
 P - 2 potions of heal wounds
 Q - a potion of berserk rage


   Skills:
 + Level 22.3 Fighting
 + Level 24.0 Long Blades
 + Level 21.7 Dodging
 - Level 2.0 Stealth


You had 19 spell levels left.
You didn't know any spells.
Your spell library contained the following spells:

 Spells                   Type           Power      Damage    Failure   Level
 Animate Skeleton         Necr           0%         N/A       34%         1
 Beastly Appendage        Tmut           0%         N/A       34%         1
 Foxfire                  Conj/Fire      0%         2x1d4     34%         1
 Pain                     Necr           0%         1d4       34%         1
 Shock                    Conj/Air       0%         1d3       34%         1
 Sting                    Tmut/Pois      0%         1d3       34%         1
 Blink                    Tloc           0%         N/A       47%         2
 Corpse Rot               Necr/Air       0%         N/A       47%         2
 Ensorcelled Hibernation  Hex/Ice        0%         N/A       47%         2
 Passwall                 Tmut/Erth      0%         N/A       47%         2
 Poisonous Vapours        Pois/Air       0%         N/A       47%         2
 Scorch                   Fire           0%         2d5       47%         2
 Static Discharge         Conj/Air       0%         N/A       47%         2
 Confusing Touch          Hex            0%         N/A       71%         3
 Dazzling Flash           Conj/Hex       0%         N/A       71%         3
 Lesser Beckoning         Tloc           0%         N/A       71%         3
 Portal Projectile        Hex/Tloc       0%         N/A       71%         3
 Spider Form              Tmut/Pois      0%         N/A       71%         3
 Swiftness                Air            0%         N/A       71%         3
 Vampiric Draining        Necr           0%         2d6       71%         3
 Airstrike                Air            0%         N/A       98%         4
 Anguish                  Hex/Necr       0%         N/A       98%         4
 Dispel Undead            Necr           0%         3d6       98%         4
 Iskenderun's Mystic Bla  Conj/Tloc      0%         2d3       98%         4
 Olgreb's Toxic Radiance  Pois           0%         N/A       98%         4
 Sticky Flame             Conj/Fire      0%         2d3       98%         4
 Summon Lightning Spire   Summ/Air       0%         N/A       98%         4
 Agony                    Necr           0%         N/A       100%        5
 Blade Hands              Tmut           0%         N/A       100%        5
 Excruciating Wounds      Necr           0%         N/A       100%        5
 Lightning Bolt           Conj/Air       0%         1d11      100%        5
 Manifold Assault         Tloc           0%         N/A       100%        5
 Silence                  Hex/Air        0%         N/A       100%        5
 Yara's Violent Unravell  Hex/Tmut       0%         3d3       100%        5
 Death Channel            Necr           0%         N/A       100%        6
 Starburst                Conj/Fire      0%         6d3       100%        6
 Enfeeble                 Hex            0%         N/A       100%        7
 Ozocubu's Refrigeration  Ice            0%         4d5       100%        7
 Ignition                 Fire           0%         3d3       100%        8
 Fire Storm               Conj/Fire      0%         5d1       100%        9


Dungeon Overview and Level Annotations

Branches:
Dungeon (15/15)            Temple (1/1) D:4            Lair (6/6) D:9
 Shoals (4/4) Lair:4       Spider (4/4) Lair:3        Slime (0/5) Lair:6
    Orc (2/2) D:11            Elf (0/3) Orc:2        Vaults (2/5) D:13
 Depths (0/4) D:15          IceCv (visited)
  Crypt: Vaults:2-3

Altars:
Ashenzari
Cheibriados
Dithmenos
Elyvilon
Fedhas
Gozag
Hepliaklqana
Kikubaaqudgha
Makhleb
Nemelex Xobeh
Okawaru
Qazlal
Ru
Sif Muna
Trog
Uskayaw
Vehumet
Wu Jian
Xom
Yredelemnul
Zin
The Shining One
Beogh

Shops:
D:12 (   Orc:1 [   Orc:2 *[([:   Shoals:2 !   Shoals:3 (![*   Shoals:4 (


Innate Abilities, Weirdness & Mutations

You have a beak for a mouth.
You have claws for feet.
Your magical nature lets you fly swiftly and evasively.


Message History

Unknown command.
You are too injured to fight recklessly!
You slice the deep troll!! You burn the deep troll!
You peck the deep troll, but do no damage.
The deep troll is heavily wounded.
The deep troll bites you but does no damage.
The deep troll completely misses you. x2
Unknown command.
You slash the deep troll! You burn the deep troll.
Your peck misses the deep troll.
The deep troll is severely wounded.
You block the deep troll's attack.
The deep troll completely misses you. x2
The slime creature jiggles.
Unknown command.
You slice the deep troll!! You burn the deep troll!
You kill the deep troll!
The Council accepts your kill.
The troll leather armour is intact enough to wear.
The ice encasing you melts away.
Unknown command.
A great orb of eyes comes into view.
You lunge at the ironbound frostheart.
You chop the ironbound frostheart into pieces!!!
You burn the ironbound frostheart. You claw the ironbound frostheart.
You peck the ironbound frostheart, but do no damage.
The ironbound frostheart is almost dead.
The great orb of eyes gazes at you.
You suddenly lose the ability to move!
The ironbound frostheart touches you. The ironbound frostheart freezes you!!
* * * LOW HITPOINT WARNING * * *
The slime creature hits you!
* * * LOW HITPOINT WARNING * * *
The ironbound frostheart calls freezing cold from the walls.
The frost grips you!
* * * LOW HITPOINT WARNING * * *
You are encased in ice.
The slime creature hits you!
* * * LOW HITPOINT WARNING * * *
The ironbound frostheart touches you!!
You die...

#.......#......>...#......#..
#.......#..........#......##.
#.......#..........#......#..
#.......#..)†[.....#......##^
#.......####'#########....###
#........#...........#....###
#........#.#########.#.......
#........#.#pJ.G...#.#.......
#........#.#@# #.#.......
#.[..[...#.#†# #.#.....##
#........#.#.# #.#.....#
#........#.#.# #.#.....#
#........#.#†#####.#.#.....#
#........#.#.......#.#.....#
#........#.#'#######.#.....#
#........#...........#.....#
#........########'#####....##


You could see a great orb of eyes, a slime creature and an ironbound frostheart.

Vanquished Creatures
  Mennas (Vaults:2)
  Jorgrun (Orc:2)
  Mlioglotl (Shoals:4)
  A kraken (Shoals:1)
  Frances (D:14)
  Donald (Shoals:4)
  Ilsuiw (Shoals:3)
  A frost giant (Vaults:2)
  7 emperor scorpions
  Louise (D:14)
  4 vault wardens
  An orc warlord (Vaults:1)
  4 ghost moths
  The ghost of Darius099 the Brawler, a journeyman TrBe of Trog (Orc:2)
  4 very ugly things
  4 broodmothers
  5 ironbound preservers
  4 ironbound thunderhulks
  8 dire elephants (Vaults:1)
  3 entropy weavers (Spider:3)
  3 spark wasps (Spider:4)
  The ghost of Shayle the Zephyrmancer, a journeyman TeBr of Ashenzari (Lair:6)
  2 ettins
  5 merfolk javelineers
  Snorg (D:13)
  3 great orbs of eyes
  8 merfolk impalers
  A deep elf high priest (Vaults:2)
  4 hydras
  5 yaktaur captains
  Josephine (D:12)
  4 vault guards
  5 merfolk aquamancers (Shoals:4)
  6 merfolk avatars
  5 ironbound frosthearts
  13 centaur warriors
  4 satyrs (Shoals:4)
  3 boulder beetles
  6 ogre magi
  A jorogumo (Spider:3)
  A death knight (D:10)
  5 radroaches
  24 two-headed ogres
  3 tengu warriors (D:10)
  Nergalle (Orc:1)
  Lodul (D:14)
  10 sea snakes
  2 sun moths
  20 deep trolls
  3 pharaoh ants
  A glowing orange brain (Vaults:2)
  10 orb spiders
  5 ironbound convokers
  7 steelbarb worms
  An orange crystal statue (IceCv)
  3 bog bodies (Shoals:3)
  28 harpies
  3 lindwurms (Vaults:2)
  A phantasmal warrior (Vaults:2)
  7 wizards
  4 deep elf pyromancers
  Pikel (D:7)
  3 necromancers
  4 orc knights
  17 wolf spiders
  10 ugly things
  10 cyclopes
  11 manticores
  An orc sorcerer (D:15)
  18 fauns
  An ice statue (D:14)
  8 merfolk sirens
  6 water nymphs
  A moth of wrath (shapeshifter) (Vaults:2)
  9 elephants
  5 black mambas
  9 cane toads
  3 torpor snails
  9 vault sentinels
  Maurice (D:9)
  2 gargoyles (D:10)
  5 rime drakes
  An unseen horror (D:11)
  28 yaktaurs
  9 komodo dragons
  9 demonic crawlers
  An efreet (D:15)
  A tengu conjurer (D:10)
  The ghost of Shayle the Sneak, a novice TeBr (D:5)
  4 freezing wraiths
  A troll (shapeshifter) (D:10)
  2 golden dragon simulacra (IceCv)
  3 meliai
  8 trolls
  8 wind drakes
  30 merfolk
  19 tarantellas
  Grinder (D:3)
  3 polar bears
  27 blink frogs
  14 slime creatures
  6 hornets (Lair:6)
  6 snapping turtles
  7 dream sheep
  A jumping spider (shapeshifter) (D:10)
  16 culicivoras
  A shadow (D:11)
  15 yaks
  13 spriggans (Lair:6)
  34 jumping spiders
  9 water elementals
  8 wraiths
  8 wyverns
  A vampire (D:9)
  10 basilisks
  19 humans (D:13)
  46 redbacks
  3 steam dragons
  5 wargs
  7 vampire mosquitoes
  Menkaure (D:6)
  A harpy simulacrum (IceCv)
  A hydra simulacrum (IceCv)
  A hell hound (Lair:5)
  10 water moccasins
  An ettin simulacrum (IceCv)
  16 orc warriors
  An alligator simulacrum (IceCv)
  3 ice beasts
  A sky beast (D:6)
  7 black bears
  33 ogres
  22 wolves
  6 boggarts
  14 centaurs
  A lemure (D:7)
  3 phantoms
  2 kobold brigands
  10 bullfrogs
  8 necrophages
  2 gnoll sergeants
  8 scorpions
  4 wights (D:8)
  2 lindwurm simulacra (IceCv)
  23 killer bees
  12 howler monkeys
  6 electric eels
  2 jellies
  20 orc priests
  2 hounds (D:5)
  2 gnoll shamans
  4 iguanas
  17 orc wizards
  5 hell rats (Lair:5)
  17 gnolls
  9 adders
  A river rat (D:7)
  5 worms
  4 dart slugs
  60 orcs
  3 bats
  6 endoplasms
  5 giant cockroaches
  5 goblins
  5 hobgoblins
  8 jackals
  4 quokkas
  3 training dummies (Shoals:4)
  7 ball pythons
  19 kobolds
  7 rats
  A tentacle (Shoals:1)
1214 creatures vanquished.

Vanquished Creatures (collateral kills)
  A hydra (Lair:5)
  2 wyverns (Lair:5)
  A basilisk (Lair:5)
4 creatures vanquished.

Vanquished Creatures (others)
  A merfolk avatar (Shoals:4)
  A meliai (Spider:2)
  An orc wizard (D:6)
  22 fungi
  186 plants
  5 tentacles (Shoals:1)
216 creatures vanquished.

Grand Total: 1434 creatures vanquished

Notes
Turn   | Place    | Note
-------+----------+-------------------------------------------
     0 | D:1      | HendSelp the Tengu Monk began the quest for the Orb.
     0 | D:1      | Reached XP level 1. HP: 14/14 MP: 2/2
     2 | D:1      | Found a runed translucent door.
   317 | D:1      | Reached XP level 2. HP: 19/19 MP: 3/3
   426 | D:1      | Identified 3 scrolls of acquirement
   426 | D:1      | Acquired 930 gold pieces
   428 | D:1      | Acquired a manual of Fighting
   430 | D:1      | Acquired the +3 Mad Mage's Maulers {Infuse+∞ RegenMP Int-3}
   430 | D:1      | Found the +3 Mad Mage's Maulers {Infuse+∞ RegenMP Int-3}
   460 | D:1      | Reached XP level 3. HP: 20/23 MP: 1/4
   726 | D:2      | Reached skill level 4 in Long Blades
   978 | D:2      | Reached XP level 4. HP: 29/29 MP: 0/5
  1595 | D:3      | Gained mutation: Your magical nature lets you fly swiftly
                  | and evasively. [Tengu growth]
  1595 | D:3      | Reached XP level 5. HP: 29/33 MP: 0/6
  1629 | D:3      | Found a blossoming altar of Fedhas.
  1691 | D:3      | Found an opulent altar of Gozag.
  1731 | D:3      | Reached skill level 5 in Long Blades
  1913 | D:3      | Found a hide-covered altar of Uskayaw.
  1924 | D:3      | Found a shadowy altar of Dithmenos.
  1948 | D:3      | Noticed Grinder
  1954 | D:3      | Paralysed by Grinder for 7 turns
  1966 | D:3      | Paralysed by Grinder for 6 turns
  1972 | D:3      | Killed Grinder
  1973 | D:3      | Reached skill level 6 in Long Blades
  1973 | D:3      | Reached XP level 6. HP: 7/40 MP: 4/7
  2768 | D:4      | Reached skill level 7 in Long Blades
  2768 | D:4      | Reached XP level 7. HP: 44/44 MP: 0/8
  2791 | D:4      | Reached skill level 5 in Fighting
  3118 | D:4      | Reached skill level 5 in Dodging
  3130 | D:4      | Found a broken altar of Ashenzari.
  3196 | D:4      | Found a staircase to the Ecumenical Temple.
  3205 | Temple   | Entered the Ecumenical Temple
  4421 | D:5      | Entered Level 5 of the Dungeon
  4460 | D:5      | Reached skill level 8 in Long Blades
  4511 | D:5      | Found a runed translucent gate.
  4512 | D:5      | Found a runed translucent gate.
  4512 | D:5      | Noticed Shayle's ghost (novice TeBr)
  4513 | D:5      | Found a runed translucent gate.
  4534 | D:5      | Reached XP level 8. HP: 51/51 MP: 0/9
  4638 | D:5      | Reached skill level 9 in Long Blades
  6127 | D:6      | Reached skill level 10 in Long Blades
  6127 | D:6      | Reached XP level 9. HP: 57/57 MP: 0/10
  6157 | D:6      | Noticed Menkaure
  6169 | D:6      | Killed Menkaure
  6926 | D:6      | Found an ornate altar of the Wu Jian Council.
  6926 | D:6      | Found a white marble altar of Elyvilon.
  6926 | D:6      | Found a glowing silver altar of Zin.
  7047 | D:6      | Became a worshipper of the Wu Jian Council
  7047 | D:6      | Reached * piety under Wu Jian
  7047 | D:6      | Reached ** piety under Wu Jian
  7181 | D:6      | Reached skill level 11 in Long Blades
  7679 | D:7      | Reached XP level 10. HP: 66/66 MP: 1/11
  7888 | D:7      | Reached skill level 12 in Long Blades
  7945 | D:7      | Found a runed translucent door.
  7948 | D:7      | Identified the +7 mace "Deeje" {drain, +Blink rN+ rCorr}
  7949 | D:7      | Noticed Crazy Yiuf
  7952 | D:7      | Identified the +10 mace of Neomoypye {vorpal, rPois rF+}
  7957 | D:7      | Identified the +6 mace of Roukk {flame, rPois MP+9 Int+4}
  7970 | D:7      | Identified the +4 mace of Irrepressible Laughter {flame,
                  | Str+2}
  8086 | D:7      | Noticed Pikel
  8098 | D:7      | Killed Pikel
  8098 | D:7      | Reached *** piety under Wu Jian
  8483 | D:7      | Noticed Crazy Yiuf
  8483 | D:7      | Crazy Yiuf changed into Crazy Yiuf the river rat
  8485 | D:7      | Killed Crazy Yiuf the river rat
  8782 | D:8      | Noticed a two-headed ogre
  9627 | D:9      | Found an iron altar of Okawaru.
  9716 | D:9      | Noticed Maurice
  9722 | D:9      | Found a staircase to the Lair.
  9724 | D:9      | Reached skill level 10 in Fighting
  9732 | D:9      | Reached skill level 13 in Long Blades
  9804 | D:8      | Noticed a torpor snail
  9804 | D:8      | a two-headed ogre changed into a torpor snail
  9810 | D:8      | Killed a torpor snail
 10128 | D:9      | Killed Maurice
 10403 | D:9      | Reached XP level 11. HP: 73/73 MP: 0/12
 10586 | D:9      | Reached **** piety under Wu Jian
 11102 | D:10     | Entered Level 10 of the Dungeon
 11105 | D:10     | Noticed a two-headed ogre
 11118 | D:10     | Reached skill level 14 in Long Blades
 11130 | D:10     | Killed a two-headed ogre
 11184 | D:10     | Noticed a cyclops
 11184 | D:10     | Noticed a tengu warrior
 11185 | D:10     | Noticed a death knight
 11186 | D:10     | Noticed a deep elf pyromancer
 11186 | D:10     | Noticed a boulder beetle
 11186 | D:10     | Noticed a purple ugly thing
 11352 | Lair:1   | Entered Level 1 of the Lair of Beasts
 11389 | Lair:1   | Reached skill level 10 in Dodging
 12556 | Lair:2   | Reached skill level 15 in Long Blades
 12926 | Lair:2   | Reached XP level 12. HP: 82/82 MP: 1/13
 13756 | Lair:3   | Reached ***** piety under Wu Jian
 13757 | Lair:3   | Found a hole to the Spider Nest.
 13973 | Lair:3   | Reached skill level 16 in Long Blades
 14627 | Lair:3   | Found a bloodstained altar of Trog.
 15890 | Lair:4   | Found a staircase to the Shoals.
 16350 | Lair:5   | Reached XP level 13. HP: 76/91 MP: 1/14
 16625 | Lair:5   | Reached skill level 15 in Fighting
 17109 | Lair:6   | Entered Level 6 of the Lair of Beasts
 17436 | Lair:6   | Found a large runed translucent door.
 17437 | Lair:6   | Found a large runed translucent door.
 17692 | Lair:6   | Noticed Shayle's ghost (journeyman TeBr)
 17783 | Lair:6   | Reached ****** piety under Wu Jian
 17967 | Lair:6   | Reached skill level 17 in Long Blades
 18743 | Lair:6   | Reached XP level 14. HP: 99/99 MP: 0/15
 18906 | Lair:6   | Found a staircase to the Slime Pits.
 19397 | D:10     | Reached skill level 15 in Dodging
 19418 | D:10     | Identified the +10 eveningstar of Fudogg {holy, MP+9 Str-4
                  | Int+5}
 19534 | D:10     | Paralysed by an ogre mage for 4 turns
 20913 | D:11     | Found a staircase to the Orcish Mines.
 21519 | Orc:1    | Entered Level 1 of the Orcish Mines
 21521 | Orc:1    | Noticed Nergalle
 21549 | Orc:1    | Killed Nergalle
 21792 | Orc:1    | Found Voigg's Antique Armour Emporium.
 22378 | Orc:2    | Entered Level 2 of the Orcish Mines
 22436 | Orc:2    | Noticed Jorgrun
 22453 | Orc:2    | Killed Jorgrun
 22454 | Orc:2    | Reached skill level 18 in Long Blades
 22546 | Orc:2    | Found Ruusooho's General Store.
 23216 | Orc:2    | Reached XP level 15. HP: 106/106 MP: 0/16
 23538 | Orc:2    | Found Kurotav's Book Boutique.
 23637 | Orc:2    | Found Afaepot's Antique Armour Shoppe.
 23638 | Orc:2    | Found Bius's Armour Shop.
 23638 | Orc:2    | Found Xiojufra's Antique Weapon Shoppe.
 23825 | Orc:2    | Found a staircase to the Elven Halls.
 23907 | Orc:2    | Noticed Darius099's ghost (journeyman TrBe)
 23910 | Orc:2    | Found a runed translucent door.
 24604 | Lair:6   | Killed Shayle's ghost
 24826 | D:5      | Killed Shayle's ghost
 25065 | Orc:2    | Killed Darius099's ghost
 25220 | D:12     | Found Jaerag's Weapon Emporium.
 25816 | D:12     | Noticed Josephine
 25828 | D:12     | Killed Josephine
 26135 | D:13     | Noticed Snorg
 26142 | D:13     | Killed Snorg
 27128 | D:13     | Found a gate to the Vaults.
 27406 | D:13     | Reached skill level 19 in Long Blades
 27439 | D:13     | Found a sacrificial altar of Ru.
 27682 | D:14     | Noticed Lodul
 27699 | D:14     | Killed Lodul
 27717 | D:14     | Found a frozen archway.
 27729 | IceCv    | Entered an ice cave
 27749 | IceCv    | Reached XP level 16. HP: 83/114 MP: 0/17
 27947 | IceCv    | Found a transporter.
 27959 | IceCv    | Found a transporter.
 28215 | D:14     | Noticed Frances
 28225 | D:14     | Killed Frances
 29056 | D:14     | Noticed Louise
 29084 | D:14     | Killed Louise
 29547 | D:15     | Entered Level 15 of the Dungeon
 30150 | D:15     | Found a staircase to the Depths.
 30586 | D:15     | Upgraded the game from 0.29-a0-359-g541a27f54d to
                  | 0.29-a0-360-g8ed1089bbe
 30833 | Spider:1 | Entered Level 1 of the Spider Nest
 30867 | Spider:1 | Reached skill level 20 in Long Blades
 32697 | Spider:3 | Reached XP level 17. HP: 106/122 MP: 1/18
 33700 | Spider:4 | Entered Level 4 of the Spider Nest
 33864 | Spider:4 | Reached skill level 21 in Long Blades
 34055 | Spider:4 | Identified the +2 broad axe "Feaps" {vorpal, rF+ rC- Dex+5}
 34919 | Spider:4 | Got a gossamer rune of Zot
 35219 | Shoals:1 | Entered Level 1 of the Shoals
 35393 | Shoals:1 | Reached XP level 18. HP: 129/129 MP: 0/19
 36424 | Shoals:2 | Found Heser's Distillery.
 37368 | Shoals:3 | Found Xaagroar's Weapon Shoppe.
 37613 | Shoals:3 | Found Umeidual's Distillery.
 37618 | Shoals:3 | Bought a potion of heal wounds for 60 gold pieces
 37741 | Shoals:3 | Found Kiedupiunk's Antique Armour Emporium.
 37796 | Shoals:3 | Reached skill level 22 in Long Blades
 37841 | Shoals:3 | Found Ratturch's General Store.
 38031 | Shoals:3 | Bought the +5 triple sword of Fitox {flame, Fly rElec} for
                  | 945 gold pieces
 38061 | Shoals:3 | Found the +4 robe of Augmentation {Str+4 Int+4 Dex+4}
 38207 | Shoals:3 | Noticed Ilsuiw
 38261 | Shoals:3 | Killed Ilsuiw
 38550 | Shoals:4 | Entered Level 4 of the Shoals
 38550 | Shoals:4 | Noticed Mlioglotl
 38584 | Shoals:4 | Found Ahayl's Firing Range.
 39049 | Shoals:4 | Got the Almanac of Torrid Transformation
 39443 | Shoals:4 | Reached XP level 19. HP: 136/136 MP: 1/20
 39480 | Shoals:4 | Noticed Donald
 39486 | Shoals:4 | Noticed a bone dragon
 39493 | Shoals:4 | Killed Mlioglotl
 39499 | Shoals:4 | Killed Donald
 39597 | Shoals:4 | Got a barnacled rune of Zot
 40637 | Vaults:1 | Entered Level 1 of the Vaults
 41060 | Vaults:1 | Reached skill level 23 in Long Blades
 42642 | Vaults:2 | Reached XP level 20. HP: 119/145 MP: 1/21
 43570 | Vaults:2 | Noticed Mennas
 43591 | Vaults:2 | Killed Mennas
 43728 | Vaults:2 | Reached skill level 24 in Long Blades
 43966 | Vaults:2 | Paralysed by a great orb of eyes for 6 turns
 43968 | Vaults:2 | Mangled by an ironbound frostheart

Illustrated notes

Levels and vault maps discovered:
D:1:      dpeg_arrival_caged_fury, layout_rooms
D:2:      layout_loops_ring
D:3:      layout_basic, nicolae_overflow_quartered_altars,
          hangedman_decor_slide_cut, nicolae_figureground_sparkle, uniq_grinder
D:4:      layout_cave_pods, nicolae_overflow_hidden_temple,
          minmay_temple_entry_antechambers, minivault_5,
          chequers_serial_rivers_marsh
D:5:      layout_basic, gammafunk_ghost_nasty_kobolds
D:6:      layout_basic, chequers_temple_overflow_statue_of_worship,
          chequers_serial_rivers_room_b, minmay_misc_feat_chi,
          kennysheep_potato, uniq_menkaure
D:7:      layout_cave_pools, uniq_crazy_yiuf_cottage, uniq_pikel
D:8:      layout_rooms
D:9:      layout_irregular_city, mainiacjoe_overflow_cross_hatched,
          erik_lair_orcish_takeover, wad_floor_pattern_untrapped,
          grunt_ministairs_15, uniq_maurice
D:10:     minmay_the_grid_octo_triangle [minmay_the_grid_octo_77,
          minmay_the_grid_octo_prize_star, minmay_the_grid_octo_teeth],
          layout_basic
D:11:     layout_loops_cross, orc_david_3
D:12:     layout_irregular_city, serial_shops,
          nicolae_shop_bloodbath_and_beyond, uniq_josephine
D:13:     layout_basic, grunt_vaults_entry_tiered,
          nicolae_ru_great_annihilating_truth, uniq_snorg
D:14:     layout_long_grid, hangedman_decor_riveting,
          portal_ice_cave_entry_ice_statue_one, uniq_lodul, uniq_frances,
          uniq_louise
D:15:     hangedman_depths_entry_civil_slaughter, layout_grid_maze,
          serial_park_avenue1
Temple:   cyrus_circular_temple
Lair:1:   layout_gridlike, lemuel_fruit_fields, serial_bayou_shore_b,
          serial_bayou_shore_b, infiniplex_staircase_pool
Lair:2:   layout_gridlike, st_stairs_10, serial_bayou_pond_c,
          serial_bayou_pond_a, grunt_forest_stairs_basic, grunt_megastairs_5
Lair:3:   layout_cave_pods, nicolae_spider_entry_non_spiders,
          lemuel_centaur_altar
Lair:4:   layout_regular_city, elwin_shoals_entry_rooms, roderic_carrion_pond,
          serial_bayou_shore_b, grunt_megastairs_1, lemuel_fruit_tree
Lair:5:   layout_gridlike, special_room [special_room_mythical_zoo],
          grunt_megastairs_3
Lair:6:   minmay_lair_end_enchanted_forest, layout_cave_shapes, slime_dummy,
          ebering_ghost_disaster_area, grunt_megastairs_2
Shoals:1: layout_shoals
Shoals:2: layout_shoals, serial_shops,
          nicolae_shop_temple_entry_statues_fountains
Shoals:3: layout_shoals, serial_shops, nicolae_diamond_shop,
          nicolae_shop_behind_doors, nicolae_shop_statue_plus,
          nicolae_square_shop, nicolae_shoals_secluded_bog, uniq_ilsuiw
Shoals:4: shoals_end_grunt_garden, layout_shoals, nicolae_shop_firing_range,
          uniq_mlioglotl, uniq_donald
Spider:1: layout_spider_delve, nicolae_spider_webbed_stairs
Spider:2: layout_spider_delve
Spider:3: layout_spider_delve, nicolae_spider_eight_legs
Spider:4: guppyfry_spider_rune
Orc:1:    layout_caves, basic_altar, serial_shops, nicolae_shop_trees,
          uniq_nergalle
Orc:2:    st_orc_ogre_mass, layout_caves, serial_shops,
          nicolae_shop_statue_plus, hellmonk_ghost_happy_afterlife,
          nicolae_orc_crystal_geode, uniq_jorgrun
Vaults:1: hangedman_vaults_snaps, v_misc_14, ontoclasm_vaults_tryst,
          grunt_vaults_hallway_long, grunt_vaults_hallway_short, v_pattern_1,
          nicolae_vaults_big_ls, vaults_room_grunt_arrival_ludios,
          hangedman_vaults_unwind, layout_vaults_big_cross
Vaults:2: nicolae_vaults_alarming, nicolae_vaults_puzzle_piece, st_octagons_1,
          v_alt_pattern_5, nicolae_vaults_network_s, vaults_room_corners,
          hangedman_vaults_maws, vaults_room_grid, layout_vaults_chaotic_city,
          uniq_mennas

Skill      XL: |  1  2  3  4  5  6  7  8  9 10 11 12 13 14 15 16 17 18 19 20 |
---------------+-------------------------------------------------------------+-----
Long Blades    | 4 6 7 8 10 11 13 15 16 17 18 19 20 21 22 23 24 | 24.0
Dodging        | 4 5 6 8 9 10 12 14 16 17 18 20 21 | 21.7
Fighting       | 4 5 7 9 10 12 14 15 16 18 19 20 22 | 22.3
Stealth        | |  2.0

Action                   |  1- 3 |  4- 6 |  7- 9 | 10-12 | 13-15 | 16-18 | 19-21 || total
-------------------------+-------+-------+-------+-------+-------+-------+-------++-------
Melee: Falchion          |    47 |    70 |   305 |   279 |       |       |       ||   701
       Kick              |    14 |    12 |   103 |   207 |   399 |   463 |   176 ||  1374
       Peck              |     3 |    10 |    60 |   137 |   266 |   291 |   114 ||   881
       Punch             |     1 |       |     5 |     8 |    21 |       |       ||    35
       Scimitar          |       |       |       |   331 |  1036 |    20 |       ||  1387
       Short sword       |       |       |       |       |    14 |       |       ||    14
       Rapier            |       |       |       |       |    19 |     5 |       ||    24
       Great sword       |       |       |       |       |       |   948 |       ||   948
       Triple sword      |       |       |       |       |       |   203 |   434 ||   637
       Unarmed           |       |       |       |       |       |     8 |       ||     8
Throw: Throwing net      |       |       |       |     1 |     2 |     1 |       ||     4
Invok: Lunge             |       |       |     4 |    27 |    44 |    95 |    44 ||   214
       Whirlwind         |       |       |     2 |     7 |    15 |    29 |     2 ||    55
       Serpent's Lash    |       |       |       |       |       |     1 |       ||     1
       Heavenly Storm    |       |       |       |       |       |     1 |       ||     1
 Abil: Wall Jump         |       |       |       |       |     1 |     1 |       ||     2
Evoke: Wand              |       |       |       |     7 |     9 |       |       ||    16
  Use: Scroll            |     6 |     6 |     8 |    15 |    11 |    14 |     1 ||    61
       Potion            |       |     1 |     2 |     6 |     7 |     7 |     3 ||    26
 Stab: Sleeping          |     4 |     8 |     9 |    11 |     9 |     8 |    11 ||    60
       Distracted        |       |       |     1 |       |     1 |     6 |     4 ||    12
       Held in net/web   |       |       |       |     1 |       |     3 |       ||     4
       Paralysed         |       |       |       |       |     1 |       |       ||     1
Armor: Robe              |    15 |    18 |    15 |       |       |     8 |    14 ||    70
       Leather armour    |       |       |    32 |    14 |       |       |       ||    46
       Steam dragon scal |       |       |       |    57 |   129 |   134 |       ||   320
       Skin              |       |       |       |   347 |       |       |       ||   347
Dodge: Dodged            |    32 |    40 |   280 |   544 |  1321 |  2025 |   535 ||  4777
       Repelled          |       |       |       |       |       |     4 |       ||     4
Block: Other             |       |       |       |       |       |       |    21 ||    21
       Reflection        |       |       |       |       |       |       |     1 ||     1

Table legend: (Time is in decaauts)
 A = Elapsed time spent in this place.
 B = Non-inter-level travel time spent in this place.
 C = Inter-level travel time spent in this place.
 D = Time resting spent in this place.
 E = Time spent auto-exploring this place.
 F = Levels seen in this place.
 G = Mean time per level.
                   A        B        C        D        E       F      G
               +--------+--------+--------+--------+--------+-----+--------+
         Total |  40814 |  38275 |   2539 |   3364 |  28812 |  35 | 1166.1 |
       Dungeon |  18168 |  16897 |   1271 |   1542 |  12911 |  15 | 1211.2 |
        Temple |     46 |     38 |      8 |      0 |     30 |   1 |   46.0 |
          Lair |   7486 |   6867 |    619 |     78 |   5835 |   6 | 1247.7 |
        Shoals |   4796 |   4511 |    285 |    327 |   3285 |   4 | 1199.0 |
   Spider Nest |   3958 |   3823 |    135 |    653 |   2349 |   4 |  989.5 |
  Orcish Mines |   2817 |   2652 |    165 |    415 |   1837 |   2 | 1408.5 |
        Vaults |   3083 |   3030 |     53 |    149 |   2372 |   2 | 1541.5 |
      Ice Cave |    457 |    457 |      0 |    198 |    190 |   1 |  457.0 |
               +--------+--------+--------+--------+--------+-----+--------+

Top non-repeatable levels by time:
  Lair:6: 1860 daAuts
     D:5: 1637 daAuts
Vaults:1: 1583 daAuts
  Lair:3: 1557 daAuts
     D:3: 1535 daAuts
   Orc:2: 1528 daAuts
    D:13: 1500 daAuts
Vaults:2: 1499 daAuts
Shoals:3: 1486 daAuts
    D:10: 1478 daAuts
     D:6: 1403 daAuts
     D:9: 1368 daAuts
    D:14: 1340 daAuts
     D:7: 1329 daAuts
Shoals:4: 1292 daAuts
